 Dungeon Crawl Stone Soup version 0.14-a0-1499-g388a102 (webtiles) character file.

109 July the Sneak (level 2, -4/13 HPs)
             Began as a Spriggan Enchanter on Dec 15, 2013.
             Slain by a killer bee zombie (5 damage)
             ... on Level 5 of the Dungeon.
             The game lasted 00:05:40 (1158 turns).

July the Sneak (Spriggan Enchanter)                 Turns: 1158, Time: 00:05:40

HP  -4/13        AC  3     Str  4      XL: 2   Next: 37%
MP   7/7         EV 18     Int 16      God:
Gold 93          SH  0     Dex 16      Spells:  1 memorised,  5 levels left

rFire  . . .     SeeInvis +     a - +1 dagger
rCold  . . .     Clarity  .     b - +1 robe
rNeg   . . .     Conserve .     (shield restricted)
rPois  .         rCorr    .     (helmet restricted)
rElec  .         rRot     .     (no cloak)
SustAb . .       Spirit   .     (gloves unavailable)
rMut   .         Warding  .     (boots unavailable)
Saprov . . .     Stasis   .     (no amulet)
                                (no ring)
                                (no ring)

@: very quick, slightly resistant to hostile enchantments, quite stealthy
A: unfitting armour, see invisible, herbivore 3, speed 3, slow metabolism 2
a: no special abilities


You were on level 5 of the Dungeon.
You were not hungry.

You visited 1 branch of the dungeon, and saw 5 of its levels.

You collected 93 gold pieces.

Inventory:

Hand weapons
 a - a +1,+1 dagger (weapon)
Missiles
 d - 10 darts (quivered)
Armour
 b - a +1 robe (worn)
Comestibles
 k - a bread ration
Scrolls
 f - a scroll of enchant weapon I {unknown}
 g - a scroll of blinking {unknown}
 l - a scroll of identify {unknown}
 m - a scroll of random uselessness {unknown}
 n - a scroll of noise {unknown}
 o - a scroll of fear {unknown}
 p - a scroll of enchant armour {unknown}
 r - a scroll of enchant weapon II {unknown}
Jewellery
 j - an uncursed ring of wizardry {unknown}
Potions
 e - a potion of porridge
 h - a potion of restore abilities {unknown}
 i - a potion of lignification {unknown}
 q - a potion of invisibility {unknown}
Books
 c - a book of Maledictions

   Spells                             Type                      Level
   *Corona                            Hexes                        1
   Sure Blade                         Hexes/Charms                 2
   Ensorcelled Hibernation            Hexes/Ice                    2
   Confuse                            Hexes                        3
   Enslavement                        Hexes                        4
   Invisibility                       Hexes                        6


   Skills:
 - Level 1.1 Short Blades
 - Level 1.1 Throwing
 - Level 3.0 Dodging
 + Level 4.8 Stealth
 - Level 2.6 Spellcasting
 - Level 3.6 Hexes


You had 5 spell levels left.
You knew the following spells:

 Your Spells              Type           Power        Failure   Level  Hunger
a - Corona                Hex            ##.....      6%          1    #......


Dungeon Overview and Level Annotations

Branches:
Dungeon (5/16)
 Temple: D:4-7

Altars:
Yredelemnul

Annotations:
D:3 Sigmund


Innate Abilities, Weirdness & Mutations

You are tiny and cannot use many weapons and most armour.
You have supernaturally acute eyesight.
You are a herbivore.
You cover ground extremely quickly.
You need consume almost no food.


Message History

You closely miss the killer bee zombie.
The killer bee zombie completely misses you.
The killer bee zombie closely misses you.
You hit the killer bee zombie. The killer bee zombie hits you.
The killer bee zombie misses you.
You hit the killer bee zombie.
The killer bee zombie barely misses you.
The killer bee zombie hits you.
You barely miss the killer bee zombie.
You hear the slow rusting of a distant drain.
The killer bee zombie barely misses you.
You hit the killer bee zombie.
The killer bee zombie closely misses you.
The killer bee zombie barely misses you.
You hit the killer bee zombie. The killer bee zombie misses you.
The killer bee zombie barely misses you.
You barely miss the killer bee zombie. The killer bee zombie hits you.
* * * LOW HITPOINT WARNING * * *
You miss the killer bee zombie. The killer bee zombie hits you.
You die...

#.# #.## #..# ##.# #.#
#.# ##+####### #.#
#####........#
###.#####...'........#
.......>..###...@....#
###.####### #....z...#
#.. #..(..)..# ##.
#........# .#
#........# .#
#...%....# .#
#####+#### .


You could see a killer bee zombie.

Vanquished Creatures
  A giant gecko (D:1)
  2 bats
  2 giant cockroaches
  4 goblins
  A hobgoblin (D:1)
  A giant newt (D:2)
  2 gnoll skeletons (D:4)
  A rat (D:2)
14 creatures vanquished.

Notes
Turn   | Place    | Note
--------------------------------------------------------------
     0 | D:1      | July, the Spriggan Enchanter, began the quest for the Orb.
     0 | D:1      | Reached XP level 1. HP: 9/9 MP: 4/4
   305 | D:1      | Reached skill level 4 in Stealth
   357 | D:2      | Reached XP level 2. HP: 13/13 MP: 7/7
   632 | D:2      | Found a basalt altar of Yredelemnul.
   677 | D:3      | Noticed Sigmund
   842 | D:4      | Noticed a manticore
  1024 | D:4      | Paralysed by a giant eyeball for 4 turns
  1080 | D:5      | Entered Level 5 of the Dungeon
  1158 | D:5      | Slain by a killer bee zombie

Action                   || total
-------------------------++-------
Melee: Dagger            ||    71
Throw: Dart              ||     2
 Stab: Sleeping          ||     6
